 Dungeon Crawl Stone Soup version 0.28-a0-1447-ga5a8893891 (webtiles) character file.

Game seed: 18234224177057673111

50 hashsling the Shooter (level 3, 0/20 HPs)
             Began as a Deep Elf Arcane Marksman on Jan 11, 2022.
             Slain by a hobgoblin (4 damage)
             ... on level 2 of the Dungeon.
             The game lasted 00:05:17 (1665 turns).

hashsling the Shooter (Deep Elf Arcane Marksman)    Turns: 1665, Time: 00:05:18

Health: 0/20       AC:  2    Str:  7    XL:     3   Next: 55%
Magic:  7/7        EV: 13    Int: 17    God:
Gold:   46         SH:  0    Dex: 17    Spells: 4/5 levels left

rFire   . . .      SeeInvis .   a - +0 shortbow
rCold   . . .      Faith    .   (shield currently unavailable)
rNeg    . . .      Spirit   .   d - +0 robe
rPois   .          Reflect  .   (no helmet)
rElec   .          Harm     .   (no cloak)
rCorr   .          Rampage  .   (no gloves)
Will    .....                   (no boots)
Stlth   ++........              (no amulet)
HPRegen 0.06/turn               (no ring)
MPRegen 0.10/turn               (no ring)

@: lethally poisoned (0 -> -10)
A: no striking features
a: no special abilities


You were on level 2 of the Dungeon.
You visited 1 branch of the dungeon, and saw 2 of its levels.

You collected 46 gold pieces.

Inventory:

Hand Weapons
 a - a +0 shortbow (weapon)
 b - a +0 short sword
Missiles
 c - an arrow (quivered ammo)
Armour
 d - a +0 robe (worn)
Jewellery
 e - a ring of poison resistance
Scrolls
 f - a scroll of magic mapping {unknown}
 g - a scroll of identify {unknown}
 h - a scroll of immolation {unknown}
 i - a scroll of summoning {unknown}


   Skills:
 + Level 1.0 Fighting
 + Level 0.4 Short Blades
 - Level 5.0 Bows
 + Level 2.5 Dodging
 - Level 1.5 Spellcasting
 - Level 4.0 Hexes


You had 4 spell levels left.
You knew the following spells:

 Your Spells              Type           Power      Damage    Failure   Level
a - Slow                  Hex            56%        N/A       4%          1

Your spell library contained the following spells:

 Spells                   Type           Power      Damage    Failure   Level
 Sandblast                Erth           2%         2d4       21%         1
 Inner Flame              Hex/Fire       8%         N/A       26%         3
 Portal Projectile        Hex/Tloc       16%        N/A       26%         3
 Passwall                 Tmut/Erth      0%         N/A       30%         2
 Cause Fear               Hex            7%         N/A       36%         4
 Stone Arrow              Conj/Erth      2%         3d7       52%         3


Dungeon Overview and Level Annotations

Branches:
Dungeon (2/15)

Altars:
Beogh


Message History

The frilled lizard bites you but does no damage.
You barely miss the frilled lizard.
The frilled lizard bites you but does no damage.
You closely miss the frilled lizard. The frilled lizard bites you.
You are too injured to fight recklessly!
You are too injured to fight recklessly!
You are too injured to fight recklessly!
Casting: Slow (safe; 4% risk of failure)
Confirm with . or Enter, or press ? or * to list all spells.
Aiming: Slow (safe; 4% risk of failure)
Press: ? - help, Shift-Dir - straight line, f - frilled lizard
Aim: a frilled lizard (chance to affect: 71%)
The frilled lizard seems to slow down.
The frilled lizard closely misses you.
a - a +0 shortbow (weapon)
There is a stone staircase leading down here.
You shoot an arrow.
The arrow barely misses the frilled lizard.
The arrow hits the hobgoblin.
The hobgoblin is severely wounded.
The hobgoblin drinks a potion.
The hobgoblin is healed!
You shoot an arrow. The arrow hits the frilled lizard!
You kill the frilled lizard!
You shoot an arrow. The arrow barely misses the hobgoblin.
You shoot an arrow.
The arrow hits the hobgoblin but does no damage.
You shoot an arrow.
The arrow hits the hobgoblin but does no damage.
You shoot an arrow. The arrow barely misses the hobgoblin.
The hobgoblin hits you with a +2 dagger of venom.
You are lethally poisoned!
You are too injured to fight recklessly!
Fire: 2 arrows
Press: ? - help, Q - select action, (/) - cycle Shift-Dir - straight line, f/p - hobgoblin
Aim: a hobgoblin, wielding a +2 dagger of venom (62% to hit)
You shoot an arrow. The arrow hits the hobgoblin.
The hobgoblin is lightly wounded.
* * * LOW HITPOINT WARNING * * *
You feel very sick.
The hobgoblin hits you with a +2 dagger of venom.
You die...

#....#####.....######
####.....#.....# #.
#.#....###### #.
#.#)...# #. #.#....#
#. #.#....# #.
#.#.†..# ## #.#....#
#@#[...# #g.....+
#(###### #(# #.# #(#
#.# #(# #.#


You could see a hobgoblin.

Vanquished Creatures
  A worm (D:2)
  2 dart slugs
  4 ball pythons
  2 bats (D:1)
  3 endoplasms
  4 giant cockroaches
  4 goblins
  4 hobgoblins
  2 jackals (D:1)
  2 kobolds (D:1)
  A quokka (D:1)
  3 frilled lizards
  5 rats (D:1)
37 creatures vanquished.

Notes
Turn   | Place    | Note
-------+----------+-------------------------------------------
     0 | D:1      | hashsling the Deep Elf Arcane Marksman began the quest for
                  | the Orb.
     0 | D:1      | Reached XP level 1. HP: 11/11 MP: 5/5
    63 | D:1      | Reached skill level 3 in Bows
   330 | D:1      | Reached XP level 2. HP: 16/16 MP: 6/6
   485 | D:1      | Reached skill level 4 in Bows
   605 | D:1      | Found a faded altar of an unknown god.
   736 | D:1      | Reached XP level 3. HP: 14/20 MP: 7/7
  1279 | D:2      | Reached skill level 5 in Bows
  1636 | D:2      | Reached skill level 1 in Fighting
  1665 | D:2      | Slain by a hobgoblin

Illustrated notes

Levels and vault maps discovered:
D:1:      lemuel_arrival_tunnels, layout_loops_ring,
          hellmonk_ecumenical_altar_defaced_shrine, minivault_24,
          minmay_tiny_reverse_x
D:2:      layout_basic

Skill      XL: |  1  2  3 |
---------------+----------+-----
Bows           | 3 4 5 |  5.0
Fighting       | 1 |  1.0
Short Blades   | |  0.4
Dodging        | |  2.5
Spellcasting   | |  1.5
Hexes          | |  4.0

Action                   || total
-------------------------++-------
Melee: Short sword       ||    70
       Dagger            ||     2
 Fire: Shortbow          ||    67
 Cast: Slow              ||     4
Armor: Robe              ||    23
Dodge: Dodged            ||    70

Table legend: (Time is in decaauts)
 A = Elapsed time spent in this place.
 B = Non-inter-level travel time spent in this place.
 C = Inter-level travel time spent in this place.
 D = Time resting spent in this place.
 E = Time spent auto-exploring this place.
 F = Levels seen in this place.
 G = Mean time per level.
                   A        B        C        D        E       F      G
               +--------+--------+--------+--------+--------+-----+--------+
         Total |   1663 |   1604 |     59 |      0 |   1304 |   2 |  831.5 |
       Dungeon |   1663 |   1604 |     59 |      0 |   1304 |   2 |  831.5 |
               +--------+--------+--------+--------+--------+-----+--------+

Top non-repeatable levels by time:
     D:1: 1261 daAuts
     D:2: 402 daAuts
